Cogmind - Beta 15 @@@ ROGUE MODE // 2025.07.10 @ 18:16:48 Player: winnking222 Result: Self-destructed Performance ------------- Evolutions (8) 4000 Regions Visited (27) 5400 Robots Destroyed (325) 1625 Value Destroyed (13259) 13259 Prototype IDs (55) 1100 Alien Tech Used (2) 400 Bonus (11124) 11124 TOTAL SCORE: 36908 Bonus ------- High Alert Combat Kills 289 Follower Combat Kills 2357 Network Hubs Disabled 200 Met Zhirov 300 Met Warlord at Base 500 MAIN.C Attacked Warlord 500 Built Enhanced Grunts 300 A7 Reached Mainframe 300 Met R17 at Cetus 500 Met R17 at Research 2000 Met Warlord at Research 2000 Invited to Help at Command 2000 Scanned by Researcher 500 Friendly Fire -622 Cogmind --------- Core Integrity 808/1450 Matter 24/300 Energy 190/190 System Corruption 16% Temperature Cool (-200) Movement Treading (225) Ox1 Location -2/Testing Parts ------- > --- POWER (2) -------- Light Quantum Reactor > --- PROPULSION (6) --- Advanced Heavy Treads > --- UTILITY (9) ------ Experimental Power Amplifier Advanced Cryofiber Web Advanced Heat Sink Huge Storage Unit 0b10 Decoder Chip [Generic] Advanced Targeting Computer Experimental Targeting Computer Experimental Core Analyzer Improved Transmission Jammer > --- WEAPON (6) ------- Compact Linear Accelerator > --- INVENTORY (25) --- Advanced Heat Sink Energy Well (350) Quantum Capacitor Centrium Light Armor Plating Vortex Rifle (35) Vortex Rail (32) Enhanced Nova Cannon BFG-9k Vortex Edition Compact Tesla Bomb Launcher Improved Remote Datajack Impact Mace Peak State ------------ > --- POWER ------------ Improved Quantum Reactor Improved Quantum Reactor > --- PROPULSION ------- Advanced Heavy Treads Advanced Heavy Treads Improved Heavy Siege Treads > --- UTILITY ---------- Experimental Power Amplifier Advanced Cryofiber Web Advanced Heat Sink Huge Storage Unit 0b10 Decoder Chip [Generic] Advanced Targeting Computer Experimental Targeting Computer Experimental Core Analyzer Centrium Medium Armor Plating > --- WEAPON ----------- Advanced Variable Charge Gun Precision Phase Gun Helical Railgun Helical Railgun Helical Railgun Compact Linear Accelerator > --- INVENTORY -------- Advanced Heavy Treads Advanced Heavy Treads Advanced Heat Sink Energy Well High-capacity Matter Pod Quantum Capacitor Transdimensional Reconstructor Vortex Rifle Vortex Rifle Vortex Rail Vortex Rail Enhanced Nova Cannon BFG-9k Vortex Edition Helical Railgun Compact Tesla Bomb Launcher Improved Remote Datajack Impact Mace [Rating: 199] Favorites ----------- Power Neutrino Core Engine Heavy Ion Engine Power Core Neutrino Core Reactor Improved Quantum Reactor Propulsion Light Treads Treads Light Treads Leg Carbon-fiber Leg Utility Advanced Targeting Computer Device Advanced Heat Sink Storage Huge Storage Unit Processor Advanced Targeting Computer Hackware Hacking Suite Protection Centrium Medium Armor Plating Weapon Enhanced Autogun Energy Gun Advanced Variable Charge Gun Energy Cannon Proton Burst Cannon Ballistic Gun Enhanced Autogun Ballistic Cannon Heavy Assault Cannon Launcher Mini Grenade Launcher Impact Weapon Impact Mace Build | -11 -10 -10 -9 -9 -9 -8 -8 -8 -8 -6 -6 -6 -6 -6 -5 -5 -5 -5 -4 -4 -4 -4 -4 -3 -3 -2 -2 ------- Run | Yrd Mat Min Mat Min Exi Min Mat Sto Rec Fac Ext Cet Arc Hub Fac Upp Upp Zhi Pro Fac Upp Upp War Pro Res Res Tes Slots Evolved 16 | . . . 2 . . . 2 . . 4 . . . . 2 . . . . 2 . . . . 2 2 . Power 1 | . . . . . . . . . . . . . . . . . . . . . . . . . . 1 . Propulsion 4 | . . . 1 . . . . . . 1 . . . . . . . . . 1 . . . . 1 . . Utility 7 | . . . . . . . 2 . . 2 . . . . 1 . . . . 1 . . . . . 1 . Weapon 4 | . . . 1 . . . . . . 1 . . . . 1 . . . . . . . . . 1 . . Parts Attached 197 | 7 4 5 18 3 3 7 21 12 1 10 3 5 3 2 6 . 1 4 14 4 5 3 6 2 7 36 5 Power 17 | 1 1 . 1 . . 1 4 . 1 1 . . 1 . . . . . 1 1 . . . . . 2 2 Engine 9 | 1 1 . 1 . . 1 3 . 1 1 . . . . . . . . . . . . . . . . . Core 3 | . . . . . . . 1 . . . . . 1 . . . . . 1 . . . . . . . . Reactor 5 | . . . . . . . . . . . . . . . . . . . . 1 . . . . . 2 2 Propulsion 34 | 2 1 1 4 3 3 . 3 4 . 1 1 2 . . . . . . 1 . 2 . . . 1 4 1 Treads 31 | 2 1 1 4 3 . . 3 4 . 1 1 2 . . . . . . 1 . 2 . . . 1 4 1 Leg 3 | . . . . . 3 . . . . . . . . . . . . . . . . . . . . . . Wheel . | . . . . . . . . . . . . . . . . . . . . . . . . . . . . Hover . | . . . . . . . . . . . . . . . . . . . . . . . . . . . . Flight . | . . . . . . . . . . . . . . . . . . . . . . . . . . . . Utility 69 | 2 1 2 5 . . 2 8 1 . 5 . 2 . 1 4 . 1 4 6 2 2 1 2 . 1 16 1 Device 24 | 1 . . . . . 1 1 . . 1 . . . 1 2 . . 1 2 2 1 1 1 . 1 7 1 Storage 5 | 1 1 . 1 . . . . . . . . . . . . . . 1 . . . . . . . 1 . Processor 12 | . . . . . . . 2 . . 2 . . . . 1 . . . 3 . . . . . . 4 . Hackware 3 | . . . . . . . . 1 . . . . . . . . 1 1 . . . . . . . . . Protection 25 | . . 2 4 . . 1 5 . . 2 . 2 . . 1 . . 1 1 . 1 . 1 . . 4 . Artifact . | . . . . . . . . . . . . . . . . . . . . . . . . . . . . Weapon 77 | 2 1 2 8 . . 4 6 7 . 3 2 1 2 1 2 . . . 6 1 1 2 4 2 5 14 1 Energy Gun 21 | . . 1 3 . . . 1 . . . . 1 . . . . . . 2 1 1 . 4 1 3 2 1 Energy Cannon 1 | . . . . . . . . . . . . . . . . . . . . . . . . . . 1 . Ballistic Gun 47 | 2 1 . 5 . . 4 3 7 . 2 2 . 2 1 1 . . . 4 . . 2 . 1 2 8 . Ballistic Cannon 4 | . . . . . . . 2 . . . . . . . . . . . . . . . . . . 2 . Launcher 3 | . . 1 . . . . . . . 1 . . . . . . . . . . . . . . . 1 . Special Weapon . | . . . . . . . . . . . . . . . . . . . . . . . . . . . . Impact Weapon 1 | . . . . . . . . . . . . . . . 1 . . . . . . . . . . . . Slashing Weapon . | . . . . . . . . . . . . . . . . . . . . . . . . . . . . Piercing Weapon . | . . . . . . . . . . . . . . . . . . . . . . . . . . . . Special Melee Weapon . | . . . . . . . . . . . . . . . . . . . . . . . . . . . . Unidentified Prototypes 37 | . . . 2 . . . 2 . . 3 . 3 . 1 2 . . 3 1 . . . 3 . 1 15 1 Corrupted Parts 9 | . . . . . . . . . . . . . . 1 . . . . 4 1 . . 1 . . 2 . System Corruption 37 | . . . . . . . . . . . . . . 6 . . . . 5 3 . . 9 . . 14 . Parts Lost 75 | . 3 5 9 . . 2 8 7 1 . . 1 . 1 1 . . . 14 . 5 . . . . 3 15 Power 8 | . 1 . 1 . . . 1 . 1 . . . . . . . . . 1 . . . . . . . 3 Propulsion 16 | . 1 1 3 . . . . 4 . . . . . . . . . . 1 . 1 . . . . 1 4 Utility 22 | . . 2 3 . . 1 3 . . . . 1 . 1 . . . . 6 . 3 . . . . 1 1 Weapon 29 | . 1 2 2 . . 1 4 3 . . . . . . 1 . . . 6 . 1 . . . . 1 7 Highest Loss Streak 13 | . 2 3 2 . . 2 4 3 1 . . 1 . 1 1 . . . 6 . 4 . . . . 2 13 To Critical Strikes 3 | . . . . . . . . . . . . . . . . . . . . . 1 . . . . 1 1 Average Backups 19 | 1 8 8 17 24 21 21 21 20 21 20 21 20 21 21 19 20 20 21 17 18 18 19 19 17 17 17 15 Power 2 | . 1 1 1 1 1 4 3 4 4 3 3 3 3 3 3 3 2 2 1 1 1 1 1 1 1 . . Propulsion 2 | . 1 . 3 8 5 3 4 2 . . . 1 1 1 1 2 2 1 2 3 2 3 2 2 1 1 1 Utility 5 | . 4 5 5 5 6 6 6 7 7 5 7 6 7 7 6 5 6 7 4 4 5 6 5 4 4 4 4 Weapon 7 | 1 1 1 7 9 8 7 6 5 9 10 10 9 9 10 9 9 9 9 6 6 7 7 7 8 9 8 7 Tool/Special . | . . . . . . . . . . . . . . . . . . . . . . . . . . . . Unused Backups 63 | . 1 . 7 2 1 4 8 4 . 4 2 7 2 . . 1 . 1 . 4 . . 2 1 . 4 8 Power 10 | . 1 . 1 . . . 1 . . 2 . 2 1 . . 1 . . . 1 . . . . . . . Propulsion 15 | . . . 1 1 . 2 4 1 . . . 1 . . . . . 1 . 2 . . 1 . . 1 . Utility 14 | . . . 2 1 . . 1 . . 1 1 1 1 . . . . . . . . . . 1 . 1 4 Weapon 22 | . . . 3 . 1 2 2 3 . 1 1 2 . . . . . . . 1 . . 1 . . 2 3 Tool/Special 2 | . . . . . . . . . . . . 1 . . . . . . . . . . . . . . 1 Average Slot Usage (%) 91 | . 97 98 97 100 100 99 89 94 99 96 100 90 86 85 84 88 88 87 80 83 82 89 88 89 84 82 76 Engine 5 | . 14 14 10 11 11 11 8 9 8 6 6 6 2 . . . . . . . . . . . . . . Core 1 | . . . . . . . . . . . . . 3 6 5 5 5 5 4 5 . . . . . 1 . Reactor 1 | . . . . . . . . . . . . . . . . . . . . . 5 5 5 5 4 6 6 Treads 19 | . 25 26 31 33 25 . 26 26 27 23 26 17 13 13 10 11 11 11 10 10 10 15 15 15 13 12 10 Leg 1 | . . . . . 7 33 . . . . . . . . . . . . . . . . . . . . . Device 5 | . 14 3 . . . . . . . 5 3 . . 3 9 11 11 10 9 14 15 15 15 15 14 14 13 Storage 7 | . 14 14 11 11 11 11 9 9 9 6 6 6 6 6 5 5 5 5 5 5 5 5 5 5 4 4 4 Processor 9 | . . . . . . . 16 18 18 13 13 13 13 12 11 11 11 11 7 10 10 10 10 10 9 11 17 Hackware 2 | . . . . . . . . 4 9 6 6 6 6 6 5 5 5 5 1 . . . . . . . . Protection 7 | . . 10 11 11 11 10 8 4 . 6 9 13 13 8 4 5 5 5 9 10 8 10 9 10 9 5 3 Energy Gun 5 | . . 8 5 11 11 3 . . . . . 1 . . . . . . 7 11 15 16 15 12 13 10 5 Ballistic Gun 19 | . 28 9 25 22 22 29 9 18 27 25 26 24 26 26 28 29 29 29 17 13 9 8 10 12 14 10 9 Ballistic Cannon 1 | . . . . . . . 8 4 . . . . . . . . . . . . . . . . . 3 4 Peak Build Rating 199 | 7 8 11 19 19 25 28 40 39 39 56 65 96 101 103 114 113 109 116 119 137 137 129 136 136 155 199 199 Average Rating 74 | 6 7 9 16 18 20 26 36 35 38 50 59 87 98 101 109 107 107 109 112 129 133 125 127 134 153 189 171 On Entrance 79 | . 7 8 11 19 19 25 28 37 39 37 56 65 96 101 100 113 107 109 111 119 137 127 124 136 133 155 199 Naked Turns . | . . . . . . . . . . . . . . . . . . . . . . . . . . . . Heaviest Build 183 | 15 30 35 99 99 99 117 118 112 99 111 112 113 118 121 129 127 123 123 134 142 142 142 149 149 151 183 163 Greatest Support 220 | 40 40 40 63 60 60 45 64 64 62 90 100 160 160 160 160 160 160 160 160 160 173 173 173 173 220 220 215 Greatest Overweight (x) 2 | . 1 1 2 1 2 2 2 2 1 1 1 1 . . 1 . . . 1 . . . . . . 1 1 Average Overweight (x) . | . . . . 1 1 2 1 1 1 1 1 . . . . . . . . . . . . . . . . Largest Inventory Capacity 25 | 8 15 15 25 25 25 25 25 25 25 25 25 25 25 25 25 25 25 25 25 25 25 25 25 25 25 25 25 Average Capacity 23 | 7 14 15 20 25 25 25 25 25 25 25 25 25 25 25 25 25 25 25 25 25 25 25 25 25 25 25 25 Most Carried 25 | 5 12 10 25 25 25 25 25 25 25 25 25 25 25 25 25 25 25 25 25 25 25 25 25 25 25 25 25 Average Carried 22 | 2 8 8 17 24 24 24 24 23 24 23 24 24 24 25 23 24 24 24 21 23 24 24 24 24 24 24 22 Final Capacity 25 | 8 15 15 25 25 25 25 25 25 25 25 25 25 25 25 25 25 25 25 25 25 25 25 25 25 25 25 25 Final Carried 25 | 3 10 10 25 25 25 24 25 24 25 25 25 25 25 25 25 25 25 25 19 25 24 25 25 25 25 25 17 Class Distribution -------------------- 37% | Scavenger-Tank 30% | Gunner 12% | Scavenger-Executioner 7% | Mutant 5% | Tank 4% | Commander-Tank Dominant Class ---------------- Mutant | -10/Materials Mutant | -10/Mines Scavenger-Tank | -9/Materials Scavenger-Tank | -9/Mines Scavenger-Tank | -9/Exiles Tank | -8/Mines Gunner | -8/Materials Gunner | -8/Storage Gunner | -8/Recycling Gunner | -6/Factory Gunner | -6/Extension Commander-Tank | -6/Cetus Commander-Tank | -6/Archives Commander-Tank | -6/Hub_04(d) Scavenger-Tank | -5/Factory Scavenger-Tank | -5/Upper Caves Scavenger-Tank | -5/Upper Caves Scavenger-Tank | -5/Zhirov Scavenger-Tank | -4/Proximity Caves Scavenger-Tank | -4/Factory Scavenger-Tank | -4/Upper Caves Scavenger-Tank | -4/Upper Caves Scavenger-Tank | -4/Warlord Scavenger-Tank | -3/Proximity Caves Scavenger-Executioner | -3/Research Scavenger-Executioner | -2/Research Scavenger-Executioner | -2/Testing Resources | -11 -10 -10 -9 -9 -9 -8 -8 -8 -8 -6 -6 -6 -6 -6 -5 -5 -5 -5 -4 -4 -4 -4 -4 -3 -3 -2 -2 ----------- Run | Yrd Mat Min Mat Min Exi Min Mat Sto Rec Fac Ext Cet Arc Hub Fac Upp Upp Zhi Pro Fac Upp Upp War Pro Res Res Tes Matter Collected 11793 | 324 305 264 865 . 50 340 1408 697 192 244 702 525 158 362 308 256 110 . 1358 . 310 135 . 274 234 1865 507 Remotely . | . . . . . . . . . . . . . . . . . . . . . . . . . . . . Salvage Created 14824 | 135 318 322 1518 . . 321 1584 1050 427 276 1187 166 144 844 308 95 105 . 1415 . 660 383 . 345 232 1382 1607 Parts 750 | 15 25 30 104 . . 22 78 66 23 6 66 10 5 36 12 7 11 . 48 . 16 16 . 23 7 65 59 Haulers Intercepted 16 | . 1 . 4 . . . 5 5 . 1 . . . . . . . . . . . . . . . . . Recyclers Shooed 5 | . 1 . 1 . . 1 . 1 1 . . . . . . . . . . . . . . . . . . Parts Field Recycled . | . . . . . . . . . . . . . . . . . . . . . . . . . . . . Retrieved Matter . | . . . . . . . . . . . . . . . . . . . . . . . . . . . . Parts Self-Destructed 129 | . . . . . . . . . . . . . . . . 7 11 . 46 . 20 16 . 29 . . . Prevented 9 | . . . . . . . . . . . . . . . . . . . 9 . . . . . . . . Kills | -11 -10 -10 -9 -9 -9 -8 -8 -8 -8 -6 -6 -6 -6 -6 -5 -5 -5 -5 -4 -4 -4 -4 -4 -3 -3 -2 -2 ------- Run | Yrd Mat Min Mat Min Exi Min Mat Sto Rec Fac Ext Cet Arc Hub Fac Upp Upp Zhi Pro Fac Upp Upp War Pro Res Res Tes Combat Hostiles Destroyed 245 | . 9 11 31 . . 8 28 19 3 3 14 3 2 11 4 4 2 . 26 . 9 5 . 9 4 22 18 Guns 197 | . 9 4 31 . . 8 9 7 3 3 14 3 2 11 4 4 2 . 25 . 9 4 . 9 4 18 14 Cannons 36 | . . . . . . . 17 12 . . . . . . . . . . . . . . . . . 4 3 AOE 10 | . . 7 . . . . 2 . . . . . . . . . . . . . . . . . . . 1 Classes Destroyed 19 | 1 4 2 4 . . 1 2 . . . . 1 . . . . . . . . . 1 . . . 2 1 Worker 12 | . . . 1 . . . 4 1 . . 1 . . 4 . . . . . . . . . . . . 1 Builder 13 | . . 2 1 . . . 1 . 1 . 1 . . 2 . . . . . . . . . . . 1 4 Tunneler 11 | 6 1 3 . . . . . . . . . . . 1 . . . . . . . . . . . . . Hauler 16 | . 1 . 4 . . . 5 5 . 1 . . . . . . . . . . . . . . . . . Recycler 12 | . . . 1 . . 1 3 1 3 . 2 . . . . . . . . . . . . . . . 1 Operator 2 | . . . 2 . . . . . . . . . . . . . . . . . . . . . . . . Watcher 13 | . 3 . 3 . . . 3 1 . . 1 . . 1 1 . . . . . . . . . . . . Swarmer 60 | . 6 . 10 . . 4 3 4 . . 2 . . . . 4 . . 12 . . . . 6 2 5 2 Grunt 89 | . 3 8 12 . . 3 16 8 . 2 6 1 . 11 . . . . 3 . 2 3 . 1 . . 10 Brawler 8 | . . . . . . . 1 . . . . . . . . . . . 5 . . . . . 1 1 . Duelist 5 | . . . . . . . 1 . . . . . . . . . . . 2 . 2 . . . . . . Researcher 3 | . . . . . . . . . . . . . . . . . . . . . . . . . . . 3 Sentry 37 | . . . 9 . . . 6 6 3 1 5 . 2 . 2 . . . 1 . 1 . . . 1 . . Hunter 23 | . . . . . . 1 1 1 . . 1 . . . . . 2 . 2 . 3 . . . . 6 6 Programmer 10 | . . . . . . . . . . . . 1 . . 2 . . . 1 . 1 1 . 2 . 2 . Behemoth 1 | . . . . . . . . . . . . . . . . . . . . . . 1 . . . . . Cetus Guard 1 | . . . . . . . . . . . . 1 . . . . . . . . . . . . . . . Striker 4 | . . . . . . . . . . . . . . . . . . . . . . . . . . 4 . Executioner 4 | . . . . . . . . . . . . . . . . . . . . . . . . . . 4 . Assembled 3 | . . 3 . . . . . . . . . . . . . . . . . . . . . . . . . Thug 1 | . . 1 . . . . . . . . . . . . . . . . . . . . . . . . . Best Kill Streak 15 | 5 4 7 11 . . 4 6 5 2 2 4 1 2 5 2 4 2 . 8 . 4 3 . 3 2 6 15 Combat Bots Only 8 | . 3 5 8 . . 4 6 4 1 2 4 1 2 3 2 4 2 . 8 . 4 3 . 3 2 6 8 Max Kills in Single Turn 5 | 2 2 2 2 . . 1 2 2 1 1 1 1 1 2 1 2 1 . 2 . 2 1 . 2 1 2 5 Gunslinging 1 | . 1 . 1 . . . 1 . . . . . . . . . . . 1 . 1 . . 1 . . . Exploded 2 | . . 1 . . . . 2 . . . . . . . . . . . . . . . . . . . 1 Melee . | . . . . . . . . . . . . . . . . . . . . . . . . . . . . Uniques/NPCs Destroyed . | . . . . . . . . . . . . . . . . . . . . . . . . . . . . Combat | -11 -10 -10 -9 -9 -9 -8 -8 -8 -8 -6 -6 -6 -6 -6 -5 -5 -5 -5 -4 -4 -4 -4 -4 -3 -3 -2 -2 -------- Run | Yrd Mat Min Mat Min Exi Min Mat Sto Rec Fac Ext Cet Arc Hub Fac Upp Upp Zhi Pro Fac Upp Upp War Pro Res Res Tes Hostile Shots Fired 1759 | . 74 54 138 . . 58 202 90 8 41 86 33 17 68 19 7 15 . 160 . 78 40 . 45 44 207 275 Missed 508 | . 18 17 39 . . 14 51 20 1 18 38 7 7 18 10 1 4 . 42 . 25 12 . 15 19 69 63 Hits 1251 | . 56 37 99 . . 44 151 70 7 23 48 26 10 50 9 6 11 . 118 . 53 28 . 30 25 138 212 Melee 28 | . . 5 . . . . 2 2 . . . . . . . . . . 13 . 1 . . . . 5 . Projectile 1223 | . 56 32 99 . . 44 149 68 7 23 48 26 10 50 9 6 11 . 105 . 52 28 . 30 25 133 212 Critical Strikes 57 | . . 1 4 . . 2 9 3 . . . 4 . 4 . . . . 3 . 5 4 . . 1 10 7 Damage Taken 22165 | . 597 551 1283 2 . 549 2378 1094 109 207 422 599 250 1250 204 89 193 . 2714 . 1025 556 . 570 438 3606 3479 Core 1658 | . 87 80 125 . . 90 148 107 . 6 16 36 24 88 . 12 12 . 153 . 32 68 . . 8 332 234 Absorbed by Shields 912 | . . . . . . . . . . . 241 147 . . . . . . . . . . . 341 138 45 . Reduced by Siege Mode 460 | . . . . . . . . . . . . . . . . . . . 136 . 11 17 . . . 73 223 Redirected to Shielding 14 | . . . . . . . . . . . 14 . . . . . . . . . . . . . . . . Ignored by Resistances 53 | . . . . . . 53 . . . . . . . . . . . . . . . . . . . . . Regen/Repaired (Parts) 1760 | . . . . . . . 362 . . . . . . . 1129 . . . . . . . 118 . . 151 . Core Remaining (%) 73 | 100 . 33 . . . 46 . . 53 . . . . 80 . . . . 82 . . . . 91 99 . . Volleys Fired 774 | 9 51 34 99 . . 30 131 54 9 9 43 27 8 28 12 3 5 . 54 . 25 13 1 18 16 55 40 Largest 6 | 2 2 2 3 . . 3 3 3 3 4 4 4 4 4 5 5 5 . 5 . 5 5 2 5 6 6 6 Hottest 389 | 40 40 70 145 . . 99 105 75 75 100 103 100 100 126 151 143 143 . 248 . 281 301 66 241 337 389 346 Shots Fired 2488 | 18 101 54 279 . 1 80 230 122 32 36 172 107 32 111 53 15 25 . 246 . 103 60 2 69 72 287 181 Gun 2267 | 18 101 43 277 . 1 80 139 88 32 36 172 107 32 111 53 15 25 . 246 . 103 60 2 69 72 238 147 Cannon 208 | . . . . . . . 91 34 . . . . . . . . . . . . . . . . . 49 34 Launcher 13 | . . 11 2 . . . . . . . . . . . . . . . . . . . . . . . . Special . | . . . . . . . . . . . . . . . . . . . . . . . . . . . . Kinetic 2063 | 18 101 36 231 . 1 69 228 122 32 36 172 107 32 111 53 15 25 . 222 . 46 27 2 39 39 174 125 Thermal 380 | . . 7 46 . . 11 2 . . . . . . . . . . . 16 . 57 33 . 24 33 113 38 Explosive 13 | . . 11 2 . . . . . . . . . . . . . . . . . . . . . . . . Electromagnetic 8 | . . . . . . . . . . . . . . . . . . . 8 . . . . . . . . Entropic 24 | . . . . . . . . . . . . . . . . . . . . . . . . 6 . . 18 Robot Hit Streak 68 | 5 9 6 8 . . 6 30 14 17 14 24 33 5 20 15 3 7 . 68 . 22 10 6 12 7 22 44 Robot Miss Streak 10 | 3 3 3 5 . 1 4 6 4 1 2 5 4 3 3 1 2 2 . 5 . 3 2 . 10 4 4 2 Penetration Max 2 | . . . . . . . 1 1 . . 1 . . 1 . 1 . . 1 . 1 . . . . 2 1 Secondary Targets 48 | . 3 1 6 . . 3 3 . . 1 3 1 1 4 . 2 . . 10 . 4 1 . 5 . . . Max Gunslinging Chain 2 | . 1 1 2 . . 1 2 . . 1 1 1 1 1 . 1 . . 1 . 2 1 . 1 . . . Shots Hit Robots 1594 | 7 60 32 134 . . 44 152 85 20 28 129 86 22 81 38 7 17 . 187 . 72 42 2 44 40 136 129 Core Hits 676 | 6 22 27 64 . . 19 63 38 9 12 53 25 10 43 15 4 7 . 72 . 20 15 . 18 14 54 66 Critical Kills 9 | . . . . . . . 1 . . . . . . 2 . . . . 2 . . . . . . 3 1 Critical Parts Destroyed 24 | . . . . . . 1 . 1 . . 1 . . 4 4 . . . 7 . . 1 . 1 . 1 3 Critical Strikes 53 | . . . . . . 2 6 3 . . 1 . . 6 4 . . . 12 . . 2 . 1 . 9 7 Burn 7 | . . . . . . 1 . . . . . . . . . . . . . . . 1 . . . 4 1 Destroy 35 | . . . . . . 1 1 2 . . 1 . . 6 4 . . . 11 . . 1 . . . 5 3 Blast 8 | . . . . . . . 5 1 . . . . . . . . . . . . . . . . . . 2 Corrupt 1 | . . . . . . . . . . . . . . . . . . . 1 . . . . . . . . Detonate 2 | . . . . . . . . . . . . . . . . . . . . . . . . 1 . . 1 Melee Attacks . | . . . . . . . . . . . . . . . . . . . . . . . . . . . . Impact . | . . . . . . . . . . . . . . . . . . . . . . . . . . . . Slashing . | . . . . . . . . . . . . . . . . . . . . . . . . . . . . Piercing . | . . . . . . . . . . . . . . . . . . . . . . . . . . . . Sneak Attacks . | . . . . . . . . . . . . . . . . . . . . . . . . . . . . Combat Hostiles . | . . . . . . . . . . . . . . . . . . . . . . . . . . . . Follow-up Attacks . | . . . . . . . . . . . . . . . . . . . . . . . . . . . . Damage Inflicted 39989 | 100 790 1279 2016 . . 644 5006 2215 407 464 2266 1548 388 2600 846 188 273 . 4081 . 1914 1040 39 1489 989 4976 4431 Guns 32206 | 100 770 320 1926 . . 628 1611 1034 350 464 2262 1548 388 2597 843 188 273 . 4081 . 1914 1040 39 1408 989 4137 3296 Cannons 5929 | . . . . . . . 3264 1156 . . . . . . . . . . . . . . . . . 790 719 Explosions 1552 | . . 946 51 . . . 66 . . . . . . . . . . . . . . . . 81 . . 408 Melee . | . . . . . . . . . . . . . . . . . . . . . . . . . . . . Ramming 302 | . 20 13 39 . . 16 65 25 57 . 4 . . 3 3 . . . . . . . . . . 49 8 Kinetic 29880 | 100 770 277 1586 . . 542 4838 2190 350 464 2262 1548 388 2597 843 188 273 . 3396 . 572 396 39 597 526 2772 2366 Thermal 6895 | . . 43 340 . . 86 40 . . . . . . . . . . . 335 . 1342 644 . 591 463 2155 856 Explosive 1171 | . . 946 22 . . . . . . . . . . . . . . . . . . . . . . . 203 Electromagnetic 647 | . . . 29 . . . 63 . . . . . . . . . . . 350 . . . . . . . 205 Impact . | . . . . . . . . . . . . . . . . . . . . . . . . . . . . Slashing . | . . . . . . . . . . . . . . . . . . . . . . . . . . . . Piercing . | . . . . . . . . . . . . . . . . . . . . . . . . . . . . Entropic 1094 | . . . . . . . . . . . . . . . . . . . . . . . . 301 . . 793 Highest Corruption 21 | . . . . 1 1 1 . 5 5 . . . . 16 . . . . 21 3 3 3 12 1 . 16 16 Average Corruption 7 | . . . . 1 1 1 . 3 5 . . . . 8 . . . . 19 3 3 3 3 1 . 15 16 Corruption Purged . | . . . . . . . . . . . . . . . . . . . . . . . . . . . . Corruption Blocked . | . . . . . . . . . . . . . . . . . . . . . . . . . . . . Effects 375 | . . . . 2 11 6 . 15 50 . . . . 6 . . . . 83 . 8 16 4 1 . 144 29 Message Errors 92 | . . . . . 2 1 . 5 12 . . . . . . . . . 16 . . 7 1 . . 41 7 Matter Fused 72 | . . . . . 1 3 . 4 9 . . . . 2 . . . . 12 . 4 3 2 1 . 26 5 Heat Flow Errors 39 | . . . . 1 3 2 . 1 4 . . . . 1 . . . . 9 . 2 1 . . . 14 1 Energy Discharges 47 | . . . . . 1 . . 2 9 . . . . 1 . . . . 16 . 2 1 1 . . 12 2 Parts Rejected 2 | . . . . . . . . . . . . . . . . . . . 1 . . . . . . . 1 Parts Fused 4 | . . . . . . . . . 1 . . . . . . . . . 2 . . . . . . 1 . Data Loss (minor) 41 | . . . . . 2 . . . 5 . . . . 1 . . . . 14 . . 1 . . . 15 3 Data Loss (major) 22 | . . . . 1 . . . 1 3 . . . . . . . . . 5 . . 1 . . . 9 2 Misfires 25 | . . . . . 1 . . 1 6 . . . . 1 . . . . 3 . . 1 . . . 10 2 Alerts 8 | . . . . . 1 . . 1 . . . . . . . . . . 1 . . 1 . . . 4 . Misdirections 1 | . . . . . . . . . . . . . . . . . . . . . . . . . . . 1 Weapon Failures 22 | . . . . . . . . . 1 . . . . . . . . . 4 . . . . . . 12 5 Overload Shots 3 | . . . . . . . . . . . . . . . . . . . . . . . . . 3 . . Effects 1 | . . . . . . . . . . . . . . . . . . . . . . . . . 1 . . Energy Bleed 1 | . . . . . . . . . . . . . . . . . . . . . . . . . 1 . . Overflow Damage 301 | . . 9 11 . . . 168 75 . . . . . . . . . . . . . . . . . 17 21 Projectiles 261 | . . . . . . . 168 75 . . . . . . . . . . . . . . . . . . 18 Explosions 12 | . . 9 . . . . . . . . . . . . . . . . . . . . . . . . 3 Melee 28 | . . . 11 . . . . . . . . . . . . . . . . . . . . . . 17 . Knockbacks 30 | . 1 . . . . 1 9 4 . . . . . . . . . . . . . . . . . 5 10 Impact 5 | . 1 . . . . 1 . 2 . . . . . . . . . . . . . . . . . 1 . Kinetic 24 | . . . . . . . 9 2 . . . . . . . . . . . . . . . . . 4 9 Secondary 1 | . . . . . . . . . . . . . . . . . . . . . . . . . . . 1 Self-Inflicted Damage 390 | . . 42 35 . . . 64 . . . . . . . . . . . . . . . . 49 . . 200 Shots 9 | . . 2 1 . . . 2 . . . . . . . . . . . . . . . . 1 . . 3 Rammed 25 | . 1 1 3 . . . 7 3 4 . 1 . . 1 1 . . . . . . . . . . 2 1 Targets Rammed 30 | . 2 1 3 . . 2 8 3 5 . 1 . . 1 1 . . . . . . . . . . 2 1 Kicked 2 | . . . . . . 2 . . . . . . . . . . . . . . . . . . . . . Crushed 3 | . 1 . . . . . 1 . 1 . . . . . . . . . . . . . . . . . . Highest Temperature 365 | . 10 99 205 211 279 365 351 103 253 221 319 323 287 299 147 88 127 . 194 . 15 355 . . 96 175 4 Average Temperature 71 | . 4 28 39 114 136 136 75 18 77 94 99 131 137 71 58 46 74 . 58 . 10 191 . . 50 56 3 Received Heat Transfer 4131 | . 210 165 513 . . 270 1287 219 36 69 92 35 45 309 27 . . . 205 . 96 198 . 34 15 . 306 Effects 8 | . . . . . 1 1 5 . . . . . . 1 . . . . . . . . . . . . . Shutdowns 1 | . . . . . . . 1 . . . . . . . . . . . . . . . . . . . . Energy Bleed 3 | . . . . . 1 1 1 . . . . . . . . . . . . . . . . . . . . Interference 4 | . . . . . . . 3 . . . . . . 1 . . . . . . . . . . . . . Siege Activations 12 | . . . . . . . . . . . . 1 . . . . . . 3 . 1 2 . . . 3 2 Total Turns 240 | . . . . . . . . . . . . 15 . . . . . . 82 . 14 16 . . . 53 60 Longest Duration 52 | . . . . . . . . . . . . 15 . . . . . . 52 . 14 12 . . . 21 32 Martial Activations . | . . . . . . . . . . . . . . . . . . . . . . . . . . . . Shielding Activations . | . . . . . . . . . . . . . . . . . . . . . . . . . . . . Robots Disrupted 1 | . . . . . . . . . . . . . . . . . . . 1 . . . . . . . . Combat Hostiles 1 | . . . . . . . . . . . . . . . . . . . 1 . . . . . . . . Robots Corrupted 3 | . . . 1 . . . . . . . . . . . . . . . 1 . . . . . . 1 . Combat Hostiles 1 | . . . . . . . . . . . . . . . . . . . 1 . . . . . . . . Parts Fried 5 | . . . . . . . . . . . . . . . . . . . 2 . . . . . . 3 . Impact Corruptions 2 | . . . 1 . . . . . . . . . . . . . . . . . . . . . . 1 . Robots Melted 1 | . . . . . . . . . . . . . . . . . . . . . . 1 . . . . . Combat Hostiles 1 | . . . . . . . . . . . . . . . . . . . . . . 1 . . . . . Parts Melted 20 | . . . . . . . . . . . . . . . . . . . . . 8 3 . 2 2 5 . Heat Transferred 9693 | . . 100 746 . . 259 124 . . . . . . . . . . . 444 . 1702 1042 . 675 592 2779 1230 Parts Sabotaged . | . . . . . . . . . . . . . . . . . . . . . . . . . . . . Parts Stolen . | . . . . . . . . . . . . . . . . . . . . . . . . . . . . Parts Stripped . | . . . . . . . . . . . . . . . . . . . . . . . . . . . . Power Chain Reactions 3 | . . . 1 . . . 2 . . . . . . . . . . . . . . . . . . . . Alert | -11 -10 -10 -9 -9 -9 -8 -8 -8 -8 -6 -6 -6 -6 -6 -5 -5 -5 -5 -4 -4 -4 -4 -4 -3 -3 -2 -2 ------- Run | Yrd Mat Min Mat Min Exi Min Mat Sto Rec Fac Ext Cet Arc Hub Fac Upp Upp Zhi Pro Fac Upp Upp War Pro Res Res Tes Maximum Alert Level 2 | . . . 1 . . . 1 1 . 1 2 2 1 2 1 . . . . . . . . . . . 2 Low Security (%) 72 | 100 100 100 52 100 . 100 15 95 100 65 79 . 80 34 24 . . . . 100 . . . . 100 100 37 Level 1 23 | . . . 47 . . . 84 4 . 34 12 39 19 41 75 . . . . . . . . . . . 25 Level 2 3 | . . . . . . . . . . . 8 60 . 23 . . . . . . . . . . . . 36 Level 3 . | . . . . . . . . . . . . . . . . . . . . . . . . . . . . Level 4 . | . . . . . . . . . . . . . . . . . . . . . . . . . . . . Level 5 . | . . . . . . . . . . . . . . . . . . . . . . . . . . . . High Security . | . . . . . . . . . . . . . . . . . . . . . . . . . . . . Max Security . | . . . . . . . . . . . . . . . . . . . . . . . . . . . . Peak Influence 680 | 20 72 95 316 98 . 106 350 219 114 342 544 478 268 680 291 . . . . 71 . . . . 170 192 589 Initial 332 | . . . 6 98 . . 12 144 25 332 7 303 157 . 286 . . . . 71 . . . . 151 74 102 Average 116 | 2 18 21 169 7 . 20 228 115 25 162 95 405 123 247 225 . . . . 16 . . . . 89 51 310 Influence Increases 10500 | 30 284 262 989 . . 230 1090 589 262 387 769 575 161 921 221 90 50 . 741 14 355 133 . 531 326 683 807 Destroy 0b10 Robot/C 5840 | . 180 160 620 . . 160 560 380 60 60 420 240 80 320 80 80 40 . 600 . 260 100 . 360 220 440 420 Destroy 0b10 Robot/NC 445 | 30 25 25 60 . . 5 80 40 20 5 50 10 . 55 5 . . . . . . . . . . 5 30 Destroy Leader 1124 | . 38 10 194 . . 30 166 112 . 22 46 20 . 54 32 10 10 . 60 . 40 30 . 50 40 100 60 Allied During Kill 1226 | . . . . . . . . . . . 215 270 80 407 . . . . 36 . 55 3 . 121 39 . . Successful Hack 207 | . 9 . 9 . . 5 30 9 2 . 18 15 . . 96 . . . . 14 . . . . . . . Select Force Hacks 230 | . . . . . . . . . 180 . . . . 50 . . . . . . . . . . . . . Disable Machine 330 | . . . 75 . . 15 45 15 . . . . . 15 . . . . . . . . . . 15 15 135 Destroy Structure 453 | . 2 67 16 . . . 44 18 . . 5 20 1 20 8 . . . . . . . . . 12 78 162 Advance Influence 300 | . . . . . . . . . . 300 . . . . . . . . . . . . . . . . . Lose Combat Pursuer 345 | . 30 . 15 . . 15 165 15 . . 15 . . . . . . . 45 . . . . . . 45 . Influence Decreases 9979 | 30 282 247 753 253 . 197 779 868 248 451 242 723 555 336 603 227 116 . 627 128 322 166 . 306 419 633 468 Entered New Map 1610 | . . 2 11 155 . . 21 200 40 47 8 239 237 . 299 76 13 . . 43 . 7 . . 74 58 80 Time Decay 7243 | 30 275 205 652 98 . 177 688 598 208 404 205 374 278 146 294 151 103 . 517 85 242 139 . 286 305 545 238 Lost Part 657 | . 7 40 90 . . 20 70 70 . . . 10 . 10 10 . . . 110 . 40 . . . . 30 150 Lost Ally 460 | . . . . . . . . . . . 20 100 40 180 . . . . . . 40 20 . 20 40 . . Purge Threat 9 | . . . . . . . . . . . 9 . . . . . . . . . . . . . . . . Squads Dispatched 44 | . 1 . 4 . . . 4 3 . 4 1 1 . 5 2 . . . 1 . . . . . 6 1 11 Investigation 11 | . 1 . . . . . 2 2 . . . 1 . 1 1 . . . . . . . . . 2 . 1 Extermination 2 | . . . . . . . . . . 1 . . . . 1 . . . . . . . . . . . . Reinforcement 27 | . . . 4 . . . 2 1 . 3 1 . . 4 . . . . . . . . . . 4 1 7 Assault 1 | . . . . . . . . . . . . . . . . . . . 1 . . . . . . . . Garrison 3 | . . . . . . . . . . . . . . . . . . . . . . . . . . . 3 Intercept . | . . . . . . . . . . . . . . . . . . . . . . . . . . . . Searches Triggered . | . . . . . . . . . . . . . . . . . . . . . . . . . . . . Construction Impeded 6 | . . . 1 . . . . . . . 1 . . 2 . . . . . . . . . . . 1 1 Haulers Reinforced 3 | . . . . . . . . . . 1 . . . 1 . . . . . . . . . . 1 . . Active Scanning Responses . | . . . . . . . . . . . . . . . . . . . . . . . . . . . . Cargo Convoy Interrupts . | . . . . . . . . . . . . . . . . . . . . . . . . . . . . Stealth | -11 -10 -10 -9 -9 -9 -8 -8 -8 -8 -6 -6 -6 -6 -6 -5 -5 -5 -5 -4 -4 -4 -4 -4 -3 -3 -2 -2 --------- Run | Yrd Mat Min Mat Min Exi Min Mat Sto Rec Fac Ext Cet Arc Hub Fac Upp Upp Zhi Pro Fac Upp Upp War Pro Res Res Tes Distress Signals 27 | . 1 2 3 . . . . 3 1 . . 2 . 2 . . . . . . . . 1 . 3 8 1 Communications Jammed . | . . . . . . . . . . . . . . . . . . . . . . . . . . . . Distress Signals . | . . . . . . . . . . . . . . . . . . . . . . . . . . . . Times Spotted 421 | . 17 12 50 . . 9 54 29 3 3 23 14 6 28 5 4 2 . 35 . 13 4 1 18 15 36 40 Peak Tracking Total 9 | . 4 3 5 . . 4 6 5 1 2 4 5 2 8 2 4 2 . 9 . 5 3 1 5 4 6 8 Tactical Retreats 23 | . 2 1 1 . . 1 11 1 . . 1 . . . . . . . 3 . . . . . . 2 . Traps | -11 -10 -10 -9 -9 -9 -8 -8 -8 -8 -6 -6 -6 -6 -6 -5 -5 -5 -5 -4 -4 -4 -4 -4 -3 -3 -2 -2 ------- Run | Yrd Mat Min Mat Min Exi Min Mat Sto Rec Fac Ext Cet Arc Hub Fac Upp Upp Zhi Pro Fac Upp Upp War Pro Res Res Tes Traps Triggered 12 | . 1 . 1 . . . . 4 . . 3 . . 2 . . . . . . . . . . . . 1 Indirectly 1 | . . . . . . . . . . . . . . . . . . . . . . . . . . . 1 Trap Hack Attempts . | . . . . . . . . . . . . . . . . . . . . . . . . . . . . Triggered . | . . . . . . . . . . . . . . . . . . . . . . . . . . . . Disarmed . | . . . . . . . . . . . . . . . . . . . . . . . . . . . . Reprogrammed . | . . . . . . . . . . . . . . . . . . . . . . . . . . . . Reused . | . . . . . . . . . . . . . . . . . . . . . . . . . . . . Traps Extracted . | . . . . . . . . . . . . . . . . . . . . . . . . . . . . Installed . | . . . . . . . . . . . . . . . . . . . . . . . . . . . . Triggered . | . . . . . . . . . . . . . . . . . . . . . . . . . . . . Most Traps Carried 3 | . . . . 3 3 3 3 3 3 3 3 3 3 3 3 3 3 3 3 3 3 3 3 1 1 . . Machines | -11 -10 -10 -9 -9 -9 -8 -8 -8 -8 -6 -6 -6 -6 -6 -5 -5 -5 -5 -4 -4 -4 -4 -4 -3 -3 -2 -2 ---------- Run | Yrd Mat Min Mat Min Exi Min Mat Sto Rec Fac Ext Cet Arc Hub Fac Upp Upp Zhi Pro Fac Upp Upp War Pro Res Res Tes Machines Disabled 25 | . . . 5 . . 1 3 1 . . . 1 . 1 . . . . . . . . 1 . 1 1 10 Max in Single Turn 2 | . . . 1 . . 1 1 1 . . . . . 1 . . . . . . . . . . 1 1 2 Garrison Access 2 | . . . . . . . . . . . . . . . . . . . . . . . . . . 2 . Network Hub 1 | . . . . . . . . . . . . . . 1 . . . . . . . . . . . . . Machines Repaired . | . . . . . . . . . . . . . . . . . . . . . . . . . . . . Machines Dismantled . | . . . . . . . . . . . . . . . . . . . . . . . . . . . . Machines Sabotaged 1 | . . . . . . . . . . . . . . 1 . . . . . . . . . . . . . Overloaded Fab Kills . | . . . . . . . . . . . . . . . . . . . . . . . . . . . . Hacking | -11 -10 -10 -9 -9 -9 -8 -8 -8 -8 -6 -6 -6 -6 -6 -5 -5 -5 -5 -4 -4 -4 -4 -4 -3 -3 -2 -2 --------- Run | Yrd Mat Min Mat Min Exi Min Mat Sto Rec Fac Ext Cet Arc Hub Fac Upp Upp Zhi Pro Fac Upp Upp War Pro Res Res Tes Machines Accessed 84 | . 3 . 3 1 1 1 8 10 10 3 6 3 1 3 4 2 . 9 . 2 . 1 11 . 1 1 . Terminals 42 | . 3 . 3 . . 1 6 10 2 3 6 3 . 3 2 . . . . . . . . . . . . Fabricators 3 | . . . . . . . . . . . . . . . . . . . . 2 . . . . . 1 . Repair Stations 3 | . . . . . . . 1 . . . . . . . 2 . . . . . . . . . . . . Recycling Units 6 | . . . . . . . . . 6 . . . . . . . . . . . . . . . . . . Scanalyzers . | . . . . . . . . . . . . . . . . . . . . . . . . . . . . Garrison Access 2 | . . . . . . . 1 . . . . . . . . . . . . . . . . . 1 . . Total Hacks 239 | . 8 . 6 1 1 1 27 21 36 4 6 9 25 7 11 4 . 48 . 3 . 1 17 . 2 1 . Successful 181 | . 3 . 4 1 1 1 13 10 31 1 5 3 25 4 8 4 . 48 . 1 . 1 17 . . . . Failed 58 | . 5 . 2 . . . 14 11 5 3 1 6 . 3 3 . . . . 2 . . . . 2 1 . Catastrophic 8 | . 1 . . . . . 1 1 . . 1 2 . . 1 . . . . . . . . . 1 . . Database Lockouts . | . . . . . . . . . . . . . . . . . . . . . . . . . . . . Manual 20 | . 1 . . . 1 . 2 1 9 2 . 1 . 3 . . . . . . . . . . . . . Terminals 87 | . 8 . 6 . . 1 18 21 3 4 6 9 . 7 4 . . . . . . . . . . . . Fabricators 4 | . . . . . . . . . . . . . . . . . . . . 3 . . . . . 1 . Repair Stations 14 | . . . . . . . 7 . . . . . . . 7 . . . . . . . . . . . . Recycling Units 9 | . . . . . . . . . 9 . . . . . . . . . . . . . . . . . . Scanalyzers . | . . . . . . . . . . . . . . . . . . . . . . . . . . . . Garrison Access 4 | . . . . . . . 2 . . . . . . . . . . . . . . . . . 2 . . Terminal Hacks 162 | . 3 . 4 1 1 1 7 10 25 1 5 3 25 3 3 4 . 48 . . . 1 17 . . . . Record 106 | . . . . . 1 . . . 24 . . 2 25 . . 3 . 36 . . . . 15 . . . . Part Schematic 4 | . . . . . . . . . . . . . . . . . . 4 . . . . . . . . . Robot Analysis 5 | . 1 . . . . . . . . . . . . . . . . 4 . . . . . . . . . Prototype ID Bank 11 | . . . 2 . . . 4 1 . . . . . . . . . 4 . . . . . . . . . Open Door 15 | . . . . 1 . . . 4 . 1 4 1 . . . 1 . . . . . 1 2 . . . . Branch Access Points 2 | . . . . . . . 1 . . . . . . . 1 . . . . . . . . . . . . Emergency Access Points 1 | . . . . . . . . 1 . . . . . . . . . . . . . . . . . . . Alert Level 1 | . . . . . . . . 1 . . . . . . . . . . . . . . . . . . . Unreport Threat 1 | . . . . . . . . . . . 1 . . . . . . . . . . . . . . . . Locate Traps 6 | . 1 . 1 . . . 1 1 . . . . . 1 1 . . . . . . . . . . . . Maintenance Status 1 | . . . . . . . . . 1 . . . . . . . . . . . . . . . . . . Hauler Manifests 6 | . 1 . 1 . . . 1 1 . . . . . 1 1 . . . . . . . . . . . . Zone Layout 3 | . . . . . . 1 . 1 . . . . . 1 . . . . . . . . . . . . . Fabricator Hacks 1 | . . . . . . . . . . . . . . . . . . . . 1 . . . . . . . Build 1 | . . . . . . . . . . . . . . . . . . . . 1 . . . . . . . Repair Station Hacks 10 | . . . . . . . 5 . . . . . . . 5 . . . . . . . . . . . . Scan Component 6 | . . . . . . . 3 . . . . . . . 3 . . . . . . . . . . . . Repair 4 | . . . . . . . 2 . . . . . . . 2 . . . . . . . . . . . . Recycling Unit Hacks . | . . . . . . . . . . . . . . . . . . . . . . . . . . . . Scanalyzer . | . . . . . . . . . . . . . . . . . . . . . . . . . . . . Garrison Access Hacks 1 | . . . . . . . 1 . . . . . . . . . . . . . . . . . . . . Unlock Access 1 | . . . . . . . 1 . . . . . . . . . . . . . . . . . . . . Unauthorized Hacks 7 | . . . . . . . . . 6 . . . . 1 . . . . . . . . . . . . . Terminals 1 | . . . . . . . . . . . . . . 1 . . . . . . . . . . . . . Sabotage 1 | . . . . . . . . . . . . . . 1 . . . . . . . . . . . . . Fabricators . | . . . . . . . . . . . . . . . . . . . . . . . . . . . . Repair Stations . | . . . . . . . . . . . . . . . . . . . . . . . . . . . . Recycling Units 6 | . . . . . . . . . 6 . . . . . . . . . . . . . . . . . . Tunnel 6 | . . . . . . . . . 6 . . . . . . . . . . . . . . . . . . Scanalyzers . | . . . . . . . . . . . . . . . . . . . . . . . . . . . . Garrison Access . | . . . . . . . . . . . . . . . . . . . . . . . . . . . . Data Cores Recovered 4 | . . . 2 . . . . . . . 2 . . . . . . . . . . . . . . . . Used . | . . . . . . . . . . . . . . . . . . . . . . . . . . . . Hacking Detections 32 | . 3 . . . . 1 7 7 2 1 2 2 . 2 3 . . . . . . . . . 1 1 . Full Trace Events 10 | . 2 . . . . . 3 2 . . . 1 . . 1 . . . . . . . . . 1 . . Feedback Events . | . . . . . . . . . . . . . . . . . . . . . . . . . . . . Feedback Blocked . | . . . . . . . . . . . . . . . . . . . . . . . . . . . . Robot Schematics Acquired 1 | . . . . . . . . . . . . . . . . . . . . . . . . . . . 1 Robots Built . | . . . . . . . . . . . . . . . . . . . . . . . . . . . . Authchips . | . . . . . . . . . . . . . . . . . . . . . . . . . . . . Time . | . . . . . . . . . . . . . . . . . . . . . . . . . . . . Total Robot Build Rating . | . . . . . . . . . . . . . . . . . . . . . . . . . . . . Part Schematics Acquired 6 | . . . . . . . . . . . . . . . . . . 4 . . . . . . . . 2 Parts Built 2 | . . . . . . . . . . . . . . . . . . . . 2 . . . . . . . Authchips . | . . . . . . . . . . . . . . . . . . . . . . . . . . . . Time 69 | . . . . . . . . . . . . . . . . . . . . 69 . . . . . . . Total Part Build Rating 18 | . . . . . . . . . . . . . . . . . . . . 18 . . . . . . . Parts Repaired 4 | . . . . . . . 2 . . . . . . . 2 . . . . . . . . . . . . Time 184 | . . . . . . . 76 . . . . . . . 108 . . . . . . . . . . . . Parts Recycled . | . . . . . . . . . . . . . . . . . . . . . . . . . . . . Recycled Matter . | . . . . . . . . . . . . . . . . . . . . . . . . . . . . Retrieved Matter . | . . . . . . . . . . . . . . . . . . . . . . . . . . . . Retrieved Components . | . . . . . . . . . . . . . . . . . . . . . . . . . . . . Parts Scanalyzed . | . . . . . . . . . . . . . . . . . . . . . . . . . . . . Part Schematics Acquired . | . . . . . . . . . . . . . . . . . . . . . . . . . . . . Parts Damaged . | . . . . . . . . . . . . . . . . . . . . . . . . . . . . Bothacking | -11 -10 -10 -9 -9 -9 -8 -8 -8 -8 -6 -6 -6 -6 -6 -5 -5 -5 -5 -4 -4 -4 -4 -4 -3 -3 -2 -2 ------------ Run | Yrd Mat Min Mat Min Exi Min Mat Sto Rec Fac Ext Cet Arc Hub Fac Upp Upp Zhi Pro Fac Upp Upp War Pro Res Res Tes Used RIF Installer . | . . . . . . . . . . . . . . . . . . . . . . . . . . . . Robots Hacked . | . . . . . . . . . . . . . . . . . . . . . . . . . . . . Non-combat . | . . . . . . . . . . . . . . . . . . . . . . . . . . . . Combat . | . . . . . . . . . . . . . . . . . . . . . . . . . . . . Robot Hacks Applied . | . . . . . . . . . . . . . . . . . . . . . . . . . . . . Relay Couplers Released 5 | . . . . . . . . . . . . . . . . . . . . . . . . . . 5 . Machine Destruction 5 | . . . . . . . . . . . . . . . . . . . . . . . . . . 5 . Fabnet Peak Effective % . | . . . . . . . . . . . . . . . . . . . . . . . . . . . . Robots Rewired 18 | . . . . . . . . . . . 10 . . . . . . . 2 . 1 . 5 . . . . Allies Hacked . | . . . . . . . . . . . . . . . . . . . . . . . . . . . . Hacks Repelled . | . . . . . . . . . . . . . . . . . . . . . . . . . . . . Allies | -11 -10 -10 -9 -9 -9 -8 -8 -8 -8 -6 -6 -6 -6 -6 -5 -5 -5 -5 -4 -4 -4 -4 -4 -3 -3 -2 -2 -------- Run | Yrd Mat Min Mat Min Exi Min Mat Sto Rec Fac Ext Cet Arc Hub Fac Upp Upp Zhi Pro Fac Upp Upp War Pro Res Res Tes Total Allies 29 | . . . . 2 . . . . . . 14 5 . . . . . . 2 . 1 . 5 . . . . Largest Group 18 | . . . . 2 2 . . . . . 13 18 12 10 . . . . 2 2 3 1 5 4 3 1 . Highest-Rated Group 999 | . . . . 51 51 . . . . . 532 999 684 494 . . . . 96 96 138 47 305 256 200 64 . Highest-Rated Ally 159 | . . . . 31 31 . . . . . 159 159 159 96 . . . . 49 49 49 47 68 68 68 64 . Total Orders 1 | . . . . . . . . . . . . . . . . . . . . . . 1 . . . . . ROAM 1 | . . . . . . . . . . . . . . . . . . . . . . 1 . . . . . Ally Attacks 320 | . . . . . . . . . . . 72 75 21 41 . . . . 23 . 32 4 9 27 16 . . Total Damage 10940 | . . . . . . . . . . . 1671 2511 664 1412 . . . . 651 . 900 79 328 1891 833 . . Kills 58 | . . . . . . . . . . . 12 11 2 9 . . . . 4 . 4 . . 9 7 . . Allies Corrupted 1 | . . . . . . . . . . . . . . 1 . . . . . . . . . . . . . Allies Melted 7 | . . . . . . . . . 1 . . . . . . . . . . . . . 2 . . 4 . Intel | -11 -10 -10 -9 -9 -9 -8 -8 -8 -8 -6 -6 -6 -6 -6 -5 -5 -5 -5 -4 -4 -4 -4 -4 -3 -3 -2 -2 ------- Run | Yrd Mat Min Mat Min Exi Min Mat Sto Rec Fac Ext Cet Arc Hub Fac Upp Upp Zhi Pro Fac Upp Upp War Pro Res Res Tes Active Infowar (turns) 15583 | 165 1157 327 . . . . . . . 852 1272 . . . . 652 643 282 1619 365 784 797 1458 623 689 3394 504 Optics 1 | . . . . . . . . . . . . . . . . . . . . . . . . . . 1 . Seismic 6558 | 165 1157 327 . . . . . . . 852 1272 . . . . 652 643 282 1208 . . . . . . . . Decoding 9025 | . . . . . . . . . . . . . . . . . . . 411 365 784 797 1458 623 689 3394 504 Jamming 78 | . . . . . . . . . . . . . . . . . . . . . . . . . . . 78 Robot Analysis Total 5 | . 1 . . . . . . . . . . . . . . . . 4 . . . . . . . . . Derelict Logs Recovered 10 | . . 2 . 2 . . . . . . . . . . . 1 1 . 2 . 1 1 . . . . . Drone Launches . | . . . . . . . . . . . . . . . . . . . . . . . . . . . . Drone Recoveries . | . . . . . . . . . . . . . . . . . . . . . . . . . . . . Decoded 0b10 Intel 131 | . . . . . . . . . . . . . . . . . . . . 9 . . . . 18 92 12 Traps 3 | . . . . . . . . . . . . . . . . . . . . 1 . . . . . . 2 Emergency Access 17 | . . . . . . . . . . . . . . . . . . . . . . . . . 4 13 . Items 86 | . . . . . . . . . . . . . . . . . . . . 6 . . . . 10 62 8 Machines 16 | . . . . . . . . . . . . . . . . . . . . 2 . . . . 1 12 1 Patrols 7 | . . . . . . . . . . . . . . . . . . . . . . . . . 3 3 1 Guards 2 | . . . . . . . . . . . . . . . . . . . . . . . . . . 2 . Exploration | -11 -10 -10 -9 -9 -9 -8 -8 -8 -8 -6 -6 -6 -6 -6 -5 -5 -5 -5 -4 -4 -4 -4 -4 -3 -3 -2 -2 ------------- Run | Yrd Mat Min Mat Min Exi Min Mat Sto Rec Fac Ext Cet Arc Hub Fac Upp Upp Zhi Pro Fac Upp Upp War Pro Res Res Tes Turns Passed 36319 | 237 1157 1197 2547 1323 1571 1643 3833 1967 2339 977 2273 872 634 424 657 713 643 314 2384 365 784 797 1458 623 689 3394 504 Spaces Moved 16602 | 56 542 507 1072 547 640 585 1400 729 968 342 868 413 267 208 346 439 393 186 1337 198 423 454 860 350 392 1895 185 Core 13 | 13 . . . . . . . . . . . . . . . . . . . . . . . . . . . Treads 15847 | 43 542 507 1072 547 499 . 1384 729 968 342 868 413 267 208 346 439 393 186 1337 198 423 454 860 350 392 1895 185 Legs 742 | . . . . . 141 585 16 . . . . . . . . . . . . . . . . . . . . Wheels . | . . . . . . . . . . . . . . . . . . . . . . . . . . . . Hover . | . . . . . . . . . . . . . . . . . . . . . . . . . . . . Flight . | . . . . . . . . . . . . . . . . . . . . . . . . . . . . Fastest Speed 50 | 50 160 160 160 240 240 260 233 233 238 238 238 155 160 160 160 160 160 160 160 160 160 160 160 160 160 145 156 Average Speed 192 | 134 169 166 201 240 244 260 233 237 238 238 238 164 160 160 164 160 160 160 160 160 160 160 160 160 160 154 170 Slowest Speed 320 | 160 240 240 320 240 260 260 260 305 238 238 238 240 160 160 240 160 160 160 240 160 160 160 160 160 160 225 225 Overloaded Moves . | . . . . . . . . . . . . . . . . . . . . . . . . . . . . Propulsion Burnouts . | . . . . . . . . . . . . . . . . . . . . . . . . . . . . Robots Hopped . | . . . . . . . . . . . . . . . . . . . . . . . . . . . . Potential Cave-ins 9 | . . . . . . . . . . . . . . . . . . . . . . . . . . 9 . Cave-ins Triggered . | . . . . . . . . . . . . . . . . . . . . . . . . . . . . Teleports 1 | . . . . . . . . . . . . . . . . . . . . . . . . . . . 1 Exploration Rate (%) 64 | 4 86 99 85 97 90 96 76 91 96 6 86 85 96 24 9 62 57 62 99 7 60 68 91 59 15 66 27 Regions Visited 27 Branch Regions 19 Pre-discovered Areas 10 | . . . . . . . . . 6 . . . . . . . . 3 . . 1 . . . . . . Known Exits Taken 5 | . . . 1 . . . 1 1 . . . . . . 1 . . . . . . . . . 1 . . Unknown Exits Taken 22 | 1 1 1 . 1 1 1 . . 1 1 1 1 1 1 . 1 1 1 1 1 1 1 1 1 . 1 . Scrap Searched 20 | . . 2 . 2 . 2 . . . . . . . . . 2 2 . 2 . 2 2 . 4 . . . Spaces Dug 44 | . . . . . . . 10 1 . . . . . 3 . . . . . . . . . . 3 24 3 Terrain Destroyed 397 | . . 106 16 . . . 41 15 . . . . . 15 5 4 1 . 28 . 12 3 . 13 5 76 57 Melee . | . . . . . . . . . . . . . . . . . . . . . . . . . . . . Projectile 235 | . . . 1 . . . 32 15 . . . . . 14 5 4 1 . 28 . 12 3 . 11 5 76 28 AOE 161 | . . 106 15 . . . 9 . . . . . . . . . . . . . . . . 2 . . 29 Terrain Rammed . | . . . . . . . . . . . . . . . . . . . . . . . . . . . . Walls Destroyed . | . . . . . . . . . . . . . . . . . . . . . . . . . . . . Machines Disabled . | . . . . . . . . . . . . . . . . . . . . . . . . . . . . Actions | -11 -10 -10 -9 -9 -9 -8 -8 -8 -8 -6 -6 -6 -6 -6 -5 -5 -5 -5 -4 -4 -4 -4 -4 -3 -3 -2 -2 --------- Run | Yrd Mat Min Mat Min Exi Min Mat Sto Rec Fac Ext Cet Arc Hub Fac Upp Upp Zhi Pro Fac Upp Upp War Pro Res Res Tes Total 19574 | 199 677 806 1243 559 648 649 1706 847 987 499 1035 588 469 241 411 446 400 203 1482 247 479 499 945 383 430 2225 271 Wait 1404 | 119 65 255 2 . . 7 85 19 4 122 54 113 187 3 31 . . . 53 31 16 28 12 4 3 158 33 Move 16576 | 55 541 506 1071 546 639 584 1399 728 967 341 867 412 266 208 345 438 392 185 1336 197 422 453 859 349 391 1894 185 Hop . | . . . . . . . . . . . . . . . . . . . . . . . . . . . . Pick Up 225 | 9 12 5 36 5 3 8 30 16 1 10 3 12 1 . 9 2 1 3 14 9 6 1 5 2 5 16 1 Fast Attach 62 | 1 . . . . . 1 4 . 1 . 1 3 . . . . . 6 . . 1 . 5 3 . 33 3 Attach 102 | 6 3 5 12 . . 3 14 9 . 5 . 1 . . 6 . . . 18 1 5 . . . 2 6 6 Detach 4 | . . . 1 . . . 2 . . . . . . . . . . . . . . . . . . 1 . Swap 84 | . 1 . 7 3 3 4 10 6 . 6 3 3 3 2 3 1 1 1 1 4 . 3 2 2 6 9 . Drop 199 | . 2 . 12 5 3 10 23 10 . 6 5 17 4 . 4 2 1 8 1 5 1 1 15 5 7 51 1 Fire 774 | 9 51 34 99 . . 30 131 54 9 9 43 27 8 28 12 3 5 . 54 . 25 13 1 18 16 55 40 Melee . | . . . . . . . . . . . . . . . . . . . . . . . . . . . . Ram . | . . . . . . . . . . . . . . . . . . . . . . . . . . . . Kick 2 | . . . . . . 2 . . . . . . . . . . . . . . . . . . . . . Crush 27 | . 2 1 3 . . . 8 3 5 . 1 . . . 1 . . . . . . . . . . 2 1 Escape Stasis 9 | . . . . . . . . 2 . . 6 . . . . . . . . . . . . . . . 1 Rewire 106 | . . . . . . . . . . . 52 . . . . . . . 5 . 3 . 46 . . . . Trap . | . . . . . . . . . . . . . . . . . . . . . . . . . . . . Miscellaneous . | . . . . . . . . . . . . . . . . . . . . . . . . . . . . Route ------- -11/Scrapyard -10/Materials (discovered 5 exits: *Mat x3 / [*Min] / [*Sub]) -10/Mines (discovered 2 exits: *Mat x2) -9/Materials (discovered 4 exits: *Mat x3 / *Min) -9/Mines (discovered 3 exits: *Mat x2 / *Exi) -9/Exiles (discovered 2 exits: *Min x2) -8/Mines (discovered 2 exits: *Mat x2) -8/Materials (discovered 5 exits: [*Fac x3] / *Sto / Gar) -8/Storage (discovered 2 exits: [*Fac] / *Rec) -8/Recycling (discovered 2 exits: *Fac / [*Scr]) -6/Factory -6/Extension (discovered 2 exits: *Fac / *Cet) -6/Cetus (discovered 2 exits: *Fac / *Arc) -6/Archives (discovered 3 exits: *Fac / *Hub x2) -6/Hub_04(d) -5/Factory (discovered 3 exits: *Fac / *Upp x2) -5/Upper Caves -5/Upper Caves -5/Zhirov -4/Proximity Caves -4/Factory -4/Upper Caves -4/Upper Caves -4/Warlord -3/Proximity Caves -3/Research (discovered 3 exits: *Res x2 / Arm) -2/Research (discovered 2 exits: *Acc / [*Tes]) -2/Testing (discovered 1 exit: Acc) History --------- Turn | Location | Event 12 | -11/Scrapyard | Discovered new exit (range 16) 238 | -11/Scrapyard | Entered Materials 320 | -10/Materials | Build established: Mutant 452 | -10/Materials | Discovered new exit (range 7) 465 | -10/Materials | Discovered new exit (range 12) 765 | -10/Materials | Discovered new exit (range 9) 810 | -10/Materials | Discovered new exit (range 3) 939 | -10/Materials | Discovered new exit (range 9) 1395 | -10/Materials | Entered Mines 1443 | -10/Mines | Learned 2 Materials zone layouts 1456 | -10/Mines | Excavation squad dispatched 1456 | -10/Mines | A large section of the Mines collapsed 1706 | -10/Mines | Excavation squad dispatched 1771 | -10/Mines | Core integrity fell below 50% 1798 | -10/Mines | Lost 3 parts (1n1u1w) 1956 | -10/Mines | Excavation squad dispatched 2063 | -10/Mines | Discovered new exit (range 14) 2109 | -10/Mines | A weapon hastily lodged in a ceiling crevice suddenly fell to the ground 2305 | -10/Mines | Discovered new exit (range 12) 2403 | -10/Mines | Learned location of 1 exit from Materials 2414 | -10/Mines | Received a Rocket Launcher from a helpful Derelict 2592 | -10/Mines | Entered Materials 2592 | -9/Materials | Evolved 2 slots: Propulsion x1, Weapon x1 2593 | -9/Materials | Identified exit to Mines 2889 | -9/Materials | Build established: Scavenger-Tank 3157 | -9/Materials | Discovered new exit (range 15) 3963 | -9/Materials | Destroyed 8 combat bots 4035 | -9/Materials | Discovered new exit (range 15) 4720 | -9/Materials | Discovered new exit (range 5) 5139 | -9/Materials | Entered Mines 5425 | -9/Mines | Found a hidden stash of uninstalled traps 5454 | -9/Mines | Learned Materials stockpile data 5456 | -9/Mines | Discovered new exit (range 5) 5603 | -9/Mines | Discovered new exit (range 4) 5659 | -9/Mines | Deemed a non-threat by the Exiles lab entrance 5659 | -9/Mines | Discovered new exit (range 5) 6274 | -9/Mines | Met a Derelict who couldn't figure out how to use a Trap Extractor 6462 | -9/Mines | Entered Exiles 6462 | -9/Exiles | Found Exiles lab abandoned 6462 | -9/Exiles | Accompanied by 2 allies 6492 | -9/Exiles | Led the pair of lost Derelicts to a safe place 6501 | -9/Exiles | Discovered new exit (range 15) 7403 | -9/Exiles | Discovered new exit (range 10) 7961 | -9/Exiles | Build established: Tank 8033 | -9/Exiles | Entered Mines 8227 | -8/Mines | Discovered new exit (range 2) 8434 | -8/Mines | Discovered new exit (range 5) 8540 | -8/Mines | Core integrity fell below 50% 8938 | -8/Mines | Found DCF Scrap (14 items) 9676 | -8/Mines | Entered Materials 9676 | -8/Materials | Evolved 2 slots: Utility x2 9885 | -8/Materials | Lost 4 parts (2u2w) 10148 | -8/Materials | Build established: Gunner 10381 | -8/Materials | Discovered new exit (range 16) 10577 | -8/Materials | Discovered new exit (range 16) 10906 | -8/Materials | Repaired Hvy. Assault Cannon 11180 | -8/Materials | Discovered new exit (range 6) 11544 | -8/Materials | Repaired Adv. Treads 11967 | -8/Materials | Identified exit to Garrison 11985 | -8/Materials | Identified exit to Storage 12309 | -8/Materials | Discovered new exit (range 16) 13509 | -8/Materials | Entered Storage 13510 | -8/Storage | Identified exit to Recycling 14460 | -8/Storage | Lost 3 parts (2n1w) 14711 | -8/Storage | Met 01-MTF 15016 | -8/Storage | Discovered new exit (range 8) 15476 | -8/Storage | Entered Recycling 15476 | -8/Recycling | Accompanied by 2 allies (01-MTF) 15634 | -8/Recycling | Scanned before Scraplab entrance 15669 | -8/Recycling | Found Corrupted Prototype Energy Gun 15696 | -8/Recycling | Entered Scraplab 15725 | -8/Recycling | Discovered new exit (range 3) 16544 | -8/Recycling | Discovered new exit (range 16) 17815 | -8/Recycling | Entered Factory 17815 | -6/Factory | Evolved 4 slots: Propulsion x1, Utility x2, Weapon x1 18275 | -6/Factory | Found Prototype Launcher 18282 | -6/Factory | Found Prototype Launcher 18307 | -6/Factory | Identified Scatter Rocket Array (x2) 18539 | -6/Factory | Discovered new exit (range 6) 18792 | -6/Factory | Entered Extension 18883 | -6/Extension | Rescued A7 19289 | -6/Extension | Rescued a captive Derelict 19433 | -6/Extension | Rescued a captive Derelict 20237 | -6/Extension | Spotted B-75 Beast 20246 | -6/Extension | Allies destroyed B-75 Beast 20266 | -6/Extension | Spotted B-75 Beast 20288 | -6/Extension | Allies destroyed B-75 Beast 20685 | -6/Extension | Rescued a captive Derelict 20917 | -6/Extension | Disrupted transfer network 21018 | -6/Extension | Discovered new exit (range 10) 21021 | -6/Extension | Discovered new exit (range 6) 21065 | -6/Extension | Entered Cetus 21065 | -6/Cetus | Accompanied by 13 allies (A7) 21070 | -6/Cetus | Acquired a Cetus Manufacturing Module code from A7 21094 | -6/Cetus | Spotted Cetus Guard 21094 | -6/Cetus | Spotted Cetus Guard 21098 | -6/Cetus | Allies destroyed Cetus Guard 21098 | -6/Cetus | Spotted Cetus Guard 21099 | -6/Cetus | Spotted Cetus Guard 21105 | -6/Cetus | Allies destroyed Cetus Guard 21111 | -6/Cetus | Destroyed Cetus Guard 21113 | -6/Cetus | Allies destroyed Cetus Guard 21127 | -6/Cetus | Build established: Commander-Gunner 21287 | -6/Cetus | Started Cetus Manufacturing Module 21312 | -6/Cetus | Manufactured an Enhanced Grunt 21337 | -6/Cetus | Manufactured an Enhanced Grunt 21362 | -6/Cetus | Manufactured an Enhanced Grunt 21387 | -6/Cetus | Manufactured an Enhanced Grunt 21401 | -6/Cetus | Discovered new exit (range 15) 21412 | -6/Cetus | Manufactured an Enhanced Grunt 21436 | -6/Cetus | Build established: Commander-Tank 21504 | -6/Cetus | Spotted Cetus Guard 21504 | -6/Cetus | Spotted Cetus Guard 21509 | -6/Cetus | Spotted Cetus Guard 21515 | -6/Cetus | Spotted Cetus Guard 21525 | -6/Cetus | Allies destroyed Cetus Guard 21527 | -6/Cetus | Allies destroyed Cetus Guard 21527 | -6/Cetus | Allies destroyed Cetus Guard 21539 | -6/Cetus | Allies destroyed Cetus Guard 21540 | -6/Cetus | Discovered new exit (range 16) 21553 | -6/Cetus | Met Revision 17 21567 | -6/Cetus | Lost 5 allies 21755 | -6/Cetus | Escorted A7 to Cetus Mainframe 21815 | -6/Cetus | Security sweep announced 21937 | -6/Cetus | Entered Archives 21937 | -6/Archives | Accompanied by 13 allies (A7) 21942 | -6/Archives | Received a hacking code to weaken MAIN.C 21988 | -6/Archives | Unable to access archive contents 21993 | -6/Archives | Discovered new exit (range 13) 22071 | -6/Archives | Unable to access archive contents 22074 | -6/Archives | Discovered new exit (range 15) 22089 | -6/Archives | Unable to access archive contents 22093 | -6/Archives | Discovered new exit (range 15) 22106 | -6/Archives | Unable to access archive contents 22310 | -6/Archives | Unable to access archive contents 22571 | -6/Archives | Entered Hub_04(d) 22571 | -6/Hub_04(d) | Accompanied by 10 allies 22921 | -6/Hub_04(d) | Discovered new exit (range 14) 22962 | -6/Hub_04(d) | Lost 4 allies 22962 | -6/Hub_04(d) | Network Hub disabled 22972 | -6/Hub_04(d) | Spotted Lightning 22974 | -6/Hub_04(d) | System corruption reached 10% 22986 | -6/Hub_04(d) | Spotted Lightning 22986 | -6/Hub_04(d) | Spotted Lightning 22995 | -6/Hub_04(d) | Entered Factory 22995 | -5/Factory | Evolved 2 slots: Utility x1, Weapon x1 23003 | -5/Factory | Lost 4 allies 23079 | -5/Factory | Identified exit to Upper Caves 23093 | -5/Factory | Build established: Scavenger-Tank 23277 | -5/Factory | Repaired Centrium Heavy Treads 23358 | -5/Factory | Discovered new exit (range 14) 23577 | -5/Factory | Repaired Centrium Medium Armor Plating? 23652 | -5/Factory | Entered Upper Caves 24016 | -5/Upper Caves | Entered an active Warlord outpost 24038 | -5/Upper Caves | Learned Factory terminal intel 24073 | -5/Upper Caves | Learned Factory emergency access door positions 24294 | -5/Upper Caves | Discovered new exit (range 7) 24365 | -5/Upper Caves | Entered another Upper Caves area 24634 | -5/Upper Caves | Learned Factory security intel 24741 | -5/Upper Caves | Encountered a Warlord checkpoint 24786 | -5/Upper Caves | Discovered new exit (range 10) 25008 | -5/Upper Caves | Entered Zhirov 25008 | -5/Zhirov | Discovered new exit (range 3) 25037 | -5/Zhirov | Met Zhirov 25072 | -5/Zhirov | Learned location of Quarantine (-3) 25072 | -5/Zhirov | Learned location of Command (-1) 25100 | -5/Zhirov | Zhirov requested help retrieving the SGEMP Prototype 25214 | -5/Zhirov | Found Alien Artifact 25214 | -5/Zhirov | Identified Integrated Dissipator 25214 | -5/Zhirov | Installed Integrated Dissipator, increased core heat dissipation (+20) 25239 | -5/Zhirov | Found Alien Artifact 25322 | -5/Zhirov | Entered Proximity Caves 25654 | -4/Proximity Caves | Learned 8 Research zone layouts 25766 | -4/Proximity Caves | Lost 4 parts (2u2w) 25817 | -4/Proximity Caves | Spotted B-86 Titan 25920 | -4/Proximity Caves | Attracted the attention of an 0b10 outpost 25992 | -4/Proximity Caves | Identified 01-MTF's Shockpuncher 25993 | -4/Proximity Caves | System corruption reached 10% 25998 | -4/Proximity Caves | Destroyed 8 combat bots 26042 | -4/Proximity Caves | Lost 6 parts (3u3w) 26326 | -4/Proximity Caves | Attracted the attention of an 0b10 checkpoint 26340 | -4/Proximity Caves | Learned location of 1 exit from Research 26543 | -4/Proximity Caves | Allies destroyed B-86 Titan 27651 | -4/Proximity Caves | Discovered new exit (range 11) 27706 | -4/Proximity Caves | Entered Factory 27706 | -4/Factory | Accompanied by 2 allies 27706 | -4/Factory | Evolved 2 slots: Propulsion x1, Utility x1 27709 | -4/Factory | Loaded intel: 26 terminal locations 27921 | -4/Factory | Fabricated Enh. Quantum Rifle? 28046 | -4/Factory | Discovered new exit (range 13) 28071 | -4/Factory | Entered Upper Caves 28071 | -4/Upper Caves | Accompanied by 2 allies 28668 | -4/Upper Caves | Attracted the attention of an 0b10 outpost 28714 | -4/Upper Caves | Lost 4 parts (1n3u) 28744 | -4/Upper Caves | Discovered new exit (range 7) 28855 | -4/Upper Caves | Entered another Upper Caves area 28855 | -4/Upper Caves | Accompanied by 1 ally 28856 | -4/Upper Caves | Encountered a Warlord checkpoint 28923 | -4/Upper Caves | Learned location of 1 exit from Research 29072 | -4/Upper Caves | Spotted B-86 Titan 29082 | -4/Upper Caves | Destroyed B-86 Titan 29540 | -4/Upper Caves | Discovered new exit (range 5) 29652 | -4/Upper Caves | Entered Warlord 29758 | -4/Warlord | System corruption reached 10% 29767 | -4/Warlord | System corruption cleaned by Quarantine Array 29951 | -4/Warlord | Found Prototype Device 29951 | -4/Warlord | Identified Minesniffer Drone Bay 30145 | -4/Warlord | Received a Watcher feed algorithm from an ecstatic Tinkerer 30343 | -4/Warlord | Learned Factory recycling unit intel 30343 | -4/Warlord | Learned Armory terminal intel 30343 | -4/Warlord | Learned Research terminal intel 30343 | -4/Warlord | Learned Research scanalyzer intel 30343 | -4/Warlord | Learned 4 Research zone layouts 30343 | -4/Warlord | Learned 4 Testing zone layouts 30343 | -4/Warlord | Learned 4 Testing zone layouts 30343 | -4/Warlord | Learned Research trap positions 30448 | -4/Warlord | Warlord's base attacked by MAIN.C 30486 | -4/Warlord | Met Warlord 30611 | -4/Warlord | Spotted B-86 Titan 30783 | -4/Warlord | Met EX-DEC 30787 | -4/Warlord | Found Prototype Energy Cannon 30794 | -4/Warlord | Found Prototype Energy Gun 30794 | -4/Warlord | Identified Vortex Rail 30797 | -4/Warlord | Found Vortex Rail 30798 | -4/Warlord | Warlord forces counterattacked 30803 | -4/Warlord | Found Prototype Energy Gun 30803 | -4/Warlord | Identified Vortex Rifle 30808 | -4/Warlord | Found Vortex Rifle 31057 | -4/Warlord | Opened side exit 31089 | -4/Warlord | Discovered new exit (range 9) 31110 | -4/Warlord | Entered Proximity Caves 31110 | -3/Proximity Caves | Accompanied by 4 allies 31237 | -3/Proximity Caves | Spotted B-86 Titan 31249 | -3/Proximity Caves | Allies destroyed B-86 Titan 31271 | -3/Proximity Caves | Attracted the attention of an 0b10 checkpoint 31615 | -3/Proximity Caves | Discovered new exit (range 7) 31733 | -3/Proximity Caves | Entered Research 31733 | -3/Research | Accompanied by 3 allies 31733 | -3/Research | Evolved 2 slots: Propulsion x1, Weapon x1 31734 | -3/Research | Identified exit to Research 31735 | -3/Research | Identified exit to Armory 31736 | -3/Research | Loaded intel: 66 trap records 31737 | -3/Research | Loaded intel: 25 terminal locations 31738 | -3/Research | Loaded intel: 6 scanalyzer locations 31933 | -3/Research | Revision forces began assault on 0b10 31953 | -3/Research | Met up with Revision 17++ 32037 | -3/Research | Build established: Scavenger-Executioner 32422 | -3/Research | Entered another Research area 32422 | -2/Research | Accompanied by 1 ally 32422 | -2/Research | Warlord forces began assault on 0b10 32422 | -2/Research | Evolved 2 slots: Power x1, Utility x1 32532 | -2/Research | Research machine network offline 32623 | -2/Research | Discovered new exit (range 11) 32637 | -2/Research | System corruption reached 10% 32699 | -2/Research | Spotted Striker 32700 | -2/Research | Spotted Executioner 32714 | -2/Research | Destroyed Striker 32806 | -2/Research | Discovered new exit (range 14) 32807 | -2/Research | Met up with Warlord 32862 | -2/Research | Found Prototype Device 32862 | -2/Research | Identified Exp. Shock Absorption System 32944 | -2/Research | Borebot progress halted 33325 | -2/Research | Spotted Striker 33327 | -2/Research | Spotted Striker 33336 | -2/Research | Destroyed Striker 33423 | -2/Research | Warlord invited to help at Command 33423 | -2/Research | Given Cave Seal Controls access code 33487 | -2/Research | Spotted Striker 33584 | -2/Research | Found Prototype Launcher 33584 | -2/Research | Identified Com. Tesla Bomb Launcher 33731 | -2/Research | Found Prototype Device 33731 | -2/Research | Identified Thermal Barrier 33757 | -2/Research | Spotted Striker 33762 | -2/Research | Destroyed Striker 33772 | -2/Research | Spotted Executioner 33843 | -2/Research | Lost 5 allies 33843 | -2/Research | Destroyed Executioner 33880 | -2/Research | Found Prototype Processor 33880 | -2/Research | Identified Exp. Core Analyzer 34007 | -2/Research | Met DD-05H 34646 | -2/Research | Spotted Striker 34666 | -2/Research | Destroyed Striker 34670 | -2/Research | Spotted Executioner 34672 | -2/Research | Destroyed Executioner 34791 | -2/Research | Found Quantum Capacitor 35590 | -2/Research | Spotted Executioner 35591 | -2/Research | Destroyed Executioner 35596 | -2/Research | Spotted Executioner 35601 | -2/Research | Destroyed Executioner 35641 | -2/Research | Found Prototype Processor 35642 | -2/Research | Identified Exp. Targeting Computer 35816 | -2/Research | Entered Testing 35817 | -2/Testing | Identified exit to Access 35986 | -2/Testing | Garrison activated, responded to threat 36042 | -2/Testing | Lost 5 allies 36115 | -2/Testing | Scanned by Researcher 36208 | -2/Testing | Destroyed 8 combat bots 36213 | -2/Testing | Identified Transdimensional Reconstructor 36213 | -2/Testing | Warped through subspace 36244 | -2/Testing | Lost 13 parts (1p4n1u7w) 36320 | -2/Testing | Self-destructed Last Messages --------------- 36213_ Warped through subspace. 36218_ System corrupted: Matter fused (-9). 36220_ K-01 Serf cleans the Resonance Scanner. 36238_ >> DECODED: Power Amplifier location. 36241_ Acquired Unknown Device. 36242_ Identified Imp. Transmission Jammer. 36271_ K-01 Serf cleans the Resonance Scanner. 36282_ System corrupted: Component data lost. 36299_ System corrupted: Substantial component data lost. 36299_ Penetrated by Slug. 36300_ Acquired 12 matter. 36314_ U-05 Engineer lays Concrete. 36315_ System corrupted: FCS attempts to trigger Com. Linear Accelerator. 36315_ System corrupted: Com. Linear Accelerator misfires. 36315_ Destroyed Unknown Hover Unit. 36315_ O-24 Administrator knocked back. 36315_ U-05 Engineer builds a Wall. 36319_ Penetrated by Slug. [Achievement: 30k Club] [Achievement: Tester] Map ----- +----------------------------------------------------+ | ?????????????????????????????????????????????# | | ????????????????????????????????????????###### | | ????????????????????????????????????????# + | | ????????????????????????????????????????# # | | ????????????????????????????????????????# ##### | | ????????????????????????????????????????# #???# | | ????????????????????????????????????????# #???# | | ??????????###########???????????????????# ##### | | ??????????# ! #???????????????????#+## ## | | ??????????# """ #??????????????????? + ## | | ??????????# "T" #??????????????????? # + | | ??????????# """ " " #??????????????????? # ## | | ??????????# """ #????????????????? # ## | | ########### """ #??????????????? # ## | | """ # # #????????????? # ## | | " # # #?????????????" " | | # ###+#######?????????????" " | | " # #???????????????"" " | | " " + #??????????????? # | | """" # """"" #???????????????? # "# | | ###### """"" #????????????????? " # | | ?????# """"" ###############+######+ # | | ?????# = ! % %! # | | ?????# """"" ==! [*%[ [ # | | ?????# """"" *!=%! !% = !%$!| + | | ?????# """"" ==h=* @ k hg=!=[% " | | ###### ################### $$$! #? | | ########??????????#$==% [%#[= #? | | # % #? ???????????# %!=%=%$[ #? | | # ^ !| # """" ""????????#! =[!!#$ #? | | # ^^% !%= # ""R" """???????#%| %=!%+ #? | | #+#####+##### = # "" " """"??????#!||$=![# #? | | # ## # ?????#*!!! !=# #? | | # """ ## + """"" !!?????##"######?####? | | # """ ## # """"" !!!?????#%#??????????? | | # """ ## # """"" !!!?????#%#??????????? | | " # ## #? = ??????#$#??????????? | | " ######### ### ###########!#???? "????? | | # # #??"" "????? | | #"""" # = # """ ""???? | | ##+##"""" # % """ """ + """ ""???? | | #"""" # """ """ # """ ""???? | | " #"""" ######## """ """ #??"" "????? | | "T + #????# # % #???? "????? | | #"""" #????# # """ #??????????? | | # ##"""" ######## """ #??????????? | | # ##"""" + ! """ # """"?????? | | # ##"""" ###??### =! = [ "#?????????? | | # ## #?????##=] =! "" = ##?????????? | | # ##########?????## % =! """% #??????????? | +----------------------------------------------------+ Best States ------------- Heat Dissipation 132 Energy Generation 72 Energy Capacity 600 Matter Stores 300 Matter Capacity 300 Sight Range 16 Terrain Scan Density 10 Jamming Range 14 Power Amplification 40 Base Temperature (-) 200 Armor Coverage 1200 Resistance: KI 30 Utility Shielding 90 Weapon Cycling 20 Evasion (%) 50 Targeting Accuracy 20 Core Analysis 8 Recoil Reduction 6 Matter Filtering 50 Energy Filtering 50 Salvage Targeting 4 Offensive Hacking 26 Item Schematics ----------------- Assault Drone Bay | -5/Zhirov | Free Exp. Heat Sink | -5/Zhirov | Free Exp. Optical Array | -5/Zhirov | Free Imp. Arc Thrower | -5/Zhirov | Free Imp. Matter Neutralizer | -2/Testing | Archive Centrium Medium Armor Plating | -2/Testing | Archive Robot Schematics ------------------ T-07 Excavator | -2/Testing | Archive Fabricated ------------ Enh. Quantum Rifle | x2 | -4/Factory | Preloaded Repaired ---------- Hvy. Assault Cannon | 22% | -8/Materials Adv. Treads | 1% | -8/Materials Centrium Heavy Treads | 23% | -5/Factory Centrium Medium Armor Plating | 14% | -5/Factory Alien Tech Used ----------------- Integrated Dissipator Transdimensional Reconstructor Achievements -------------- 30k Club All-out Warlord Charge!!! Decoder Ring Main Advantage Ooh, Shiny! Project G-00 Revising The Future Revolutionary Research Tester Turtlemind Challenges ------------ None Game ------ Seed NullCompactMace Manual? 0 Play Time 04:52:12 Cumulative 86.3 hours Start 2025.07.07 @ 19:30:57 End 2025.07.10 @ 18:16:48 Sessions 7 Manual Loads 0 Difficulty Rogue Special Mode None Game No. 145 Rogue 145 Adventurer 0 Explorer 0 Win Type - Total 1 Types 1/0/0/0/0/0/0/0/0/0 Lore% 59 Gallery% 50 Achievement% 46 Wizard Run 0 Options --------- Layout 0 ASCII 0 Keyboard 0 Movement Mouse Keybinds 0 Fullscreen 1 Font 16/SmallcapsGlow Map View 75x55 Zoom Use 0% Tactical HUD 1 Map Filters NONE Filters NONE Steam 1 RUN: 3728e3eb-f977-444f-9d11-fcc578461080